 Dungeon Crawl Stone Soup version 0.29-a0-483-g69413ace17 (webtiles) character file.

Game seed: 18400997207726812292

38 xian the Shield-Bearer (level 3, 0/24 HPs)
             Began as a Gargoyle Fighter on May 25, 2022.
             Slain by a goblin
             ... wielding a +0 dagger
             ... led by Robin
              (2 damage)
             ... on level 2 of the Dungeon.
             The game lasted 00:03:23 (1362 turns).

xian the Shield-Bearer (Gargoyle Fighter)           Turns: 1362, Time: 00:03:24

Health: 0/24       AC: 11    Str: 21    XL:     3   Next: 43%
Magic:  3/3        EV:  9    Int:  8    God:
Gold:   43         SH:  4    Dex:  9    Spells: 2/2 levels left

rFire   . . .      SeeInvis .   a - +0 flail
rCold   . . .      Faith    .   c - +0 buckler
rNeg    + . .      Spirit   .   b - +0 scale mail
rPois   ∞          Reflect  .   l - +0 helmet
rElec   +          Harm     .   (no cloak)
rCorr   .          Rampage  .   (no gloves)
Will    .....                   (no boots)
Stlth   ..........              (no amulet)
HPRegen 0.08/turn               (no ring)
MPRegen 0.08/turn               (no ring)

@: no status effects
A: sickness immunity, AC +3, negative energy resistance 1, electricity
resistance, torment resistance 1, petrification resistance
a: no special abilities


You were on level 2 of the Dungeon.
You visited 1 branch of the dungeon, and saw 2 of its levels.

You collected 43 gold pieces.

Inventory:

Hand Weapons
 a - a +0 flail (weapon)
Missiles
 e - 3 atropa-tipped darts (quivered)
Armour
 b - a +0 scale mail (worn)
 c - a +0 buckler (worn)
 l - a +0 helmet (worn)
Scrolls
 g - a scroll of poison {unknown}
 h - a scroll of summoning {unknown}
 k - a scroll of teleportation {unknown}
 m - a scroll of identify {unknown}
Potions
 d - 2 potions of might
 f - a potion of curing {unknown}
 i - a potion of heal wounds {unknown}
 j - a potion of brilliance {unknown}


   Skills:
 + Level 3.6 Fighting
 + Level 2.4 Maces & Flails
 + Level 3.7 Armour
 + Level 0.1 Stealth
 + Level 3.8 Shields


You had 2 spell levels left.
You didn't know any spells.
Your spell library contained the following spells:

 Spells                   Type           Power      Damage    Failure   Level
 Apportation              Tloc           0%         N/A       83%         1
 Necrotize                Necr           0%         1d4       83%         1
 Summon Small Mammal      Summ           0%         N/A       83%         1


Dungeon Overview and Level Annotations

Branches:
Dungeon (2/15)

Altars:

Annotations:
D:2 Robin


Innate Abilities, Weirdness & Mutations

You are immune to sickness and miasma.
Your stone body is resilient. (AC +3)
You are immune to poison.
You resist negative energy. (rN+)
You are resistant to electric shocks. (rElec)
You are resistant to unholy torment.
You are immune to petrification.


Message History

The goblin hits you but does no damage. Robin throws the goblin at you!
The goblin hits you but does no damage.
A goblin comes into view. It is wielding a +0 dagger.
The goblin hits you with a +0 dagger.
You barely miss the goblin. The goblin barely misses you.
The goblin closely misses you.
Robin roars a battlecry!
The goblins go into a battle-frenzy!
The goblin hits you with a +0 dagger. The goblin closely misses you.
The goblin hits you with a +0 club.
A goblin comes into view. It is wielding a +0 dagger.
The goblin hits you but does no damage.
You closely miss the goblin.
The goblin shouts!
The goblin hits you but does no damage. The goblin hits you with a +0 club.
The goblin hits you but does no damage. x2
You sock the goblin!
You kill the goblin!
The goblin hits you but does no damage. x2
Unknown command.
You hit the goblin.
You kill the goblin!
The goblin hits you but does no damage.
Robin roars a battlecry!
The goblin goes into a battle-frenzy!
The goblin hits you but does no damage. The goblin hits you with a +0 dagger.
The goblin hits you but does no damage.
You barely miss Robin. The goblin hits you but does no damage.
Robin hits you but does no damage. The goblin hits you with a +0 club.
* * * LOW HITPOINT WARNING * * *
You barely miss Robin. The goblin hits you but does no damage.
Robin hits you with a +0 short sword.
* * * LOW HITPOINT WARNING * * *
The goblin hits you but does no damage. The hobgoblin barely misses you.
You hit Robin but do no damage. The goblin hits you but does no damage.
Robin completely misses you. You block the goblin's attack.
The hobgoblin barely misses you. x2; The goblin hits you with a +0 club.
* * * LOW HITPOINT WARNING * * *
The goblin hits you with a +0 dagger.
You die...

....#......#
###.###.####
#.###.###### ##
#......>...####.##
..
#####.####........
## #.#....####.##
#.#.##># #.#g##.#
#..g@g.# ####g###
#g# #g# #g# #g#
.g. ..#


You could see Robin, 2 hobgoblins and 6 goblins.

Vanquished Creatures
  A dart slug (D:1)
  3 bats
  2 endoplasms (D:1)
  A giant cockroach (D:2)
  5 goblins
  6 hobgoblins
  3 quokkas (D:1)
  3 ball pythons
  A frilled lizard (D:1)
  7 kobolds
  A rat (D:1)
33 creatures vanquished.

Notes
Turn   | Place    | Note
-------+----------+-------------------------------------------
     0 | D:1      | xian the Gargoyle Fighter began the quest for the Orb.
     0 | D:1      | Reached XP level 1. HP: 14/14 MP: 1/1
   109 | D:1      | Reached XP level 2. HP: 19/19 MP: 2/2
   565 | D:1      | Reached XP level 3. HP: 18/23 MP: 3/3
   629 | D:1      | Found a faded altar of an unknown god.
   770 | D:1      | You fall into a shaft and drop 1 floor!
  1352 | D:2      | Noticed Robin
  1362 | D:2      | Slain by a goblin

Illustrated notes

Levels and vault maps discovered:
D:1:      evilmike_arrival_crescent, layout_loops_ring, serial_glass,
          glass_columns_a, glass_columns_a,
          hellmonk_ecumenical_altar_arch_garden
D:2:      layout_loops_cross, kennysheep_generic_room_13, uniq_robin

Action                   || total
-------------------------++-------
Melee: Flail             ||   120
Armor: Scale mail        ||    93
Dodge: Dodged            ||    70
Block: Buckler           ||    41

Table legend: (Time is in decaauts)
 A = Elapsed time spent in this place.
 B = Non-inter-level travel time spent in this place.
 C = Inter-level travel time spent in this place.
 D = Time resting spent in this place.
 E = Time spent auto-exploring this place.
 F = Levels seen in this place.
 G = Mean time per level.
                   A        B        C        D        E       F      G
               +--------+--------+--------+--------+--------+-----+--------+
         Total |   1403 |   1358 |     45 |    251 |    759 |   2 |  701.5 |
       Dungeon |   1403 |   1358 |     45 |    251 |    759 |   2 |  701.5 |
               +--------+--------+--------+--------+--------+-----+--------+

Top non-repeatable levels by time:
     D:1: 1177 daAuts
     D:2: 226 daAuts
